 Dungeon Sprint DCSS version 0.28-a0-1087-gf3fc490d9d (webtiles) character file.

Game seed: 12686578824533194728

9380 rocky1 the Brawler (level 11, -1/119 HPs)
             Began as a Troll Monk on Dec 11, 2021.
             Was the Champion of Okawaru.
             Killed from afar by a titan (29 damage)
             ... with a bolt of lightning
             ... in the Dungeon (Sprint VII: "The Pits").
             The game lasted 00:11:31 (1632 turns).

rocky1 the Brawler (Troll Monk)                     Turns: 1632, Time: 00:11:31

Health: -1/119     AC: 10    Str: 25    XL:     11   Next: 22%
Magic:  6/17       EV: 15    Int:  6    God:    Okawaru [******]
Gold:   0          SH:  0    Dex: 12    Spells: 10/10 levels left

rFire   . . .      SeeInvis .     - Unarmed
rCold   . . .      Faith    .   (no shield)
rNeg    . . .      Spirit   .   o - +0 troll leather armour
rPois   .          Reflect  .   (helmet restricted)
rElec   .          Harm     .   n - +0 cloak
rCorr   .          Rampage  .   (gloves unavailable)
Will    .....      NoTele   +   (boots unavailable)
Stlth   +.........              (no amulet)
HPRegen 1.89/turn               (no ring)
MPRegen 0.15/turn               (no ring)

@: heroic, finesse-ful, glowing
A: large, unfitting armour, claws 3, regeneration 1, shaggy fur 1, tough skin 1
a: Renounce Religion, Heroism, Finesse


You were in the Dungeon.
You worshipped Okawaru.
Okawaru was exalted by your worship.
You visited 1 branch

Inventory:

Hand Weapons
 q - a +2 triple crossbow of freezing
 s - a +1 vorpal arbalest
Armour
 a - a +0 robe
 n - a +0 cloak (worn)
 o - a +0 troll leather armour (worn)
 p - +0 steam dragon scales
Jewellery
 j - a +3 ring of evasion
 k - a +3 ring of dexterity
Scrolls
 g - a scroll of blinking
 i - 5 scrolls of amnesia
Potions
 b - 7 potions of curing
 c - 4 potions of heal wounds
 d - 2 potions of haste
 e - 4 potions of magic
 f - 3 potions of berserk rage
 h - 2 potions of invisibility
 l - 3 potions of mutation
 m - a potion of might
 r - a potion of brilliance {unknown}


   Skills:
 + Level 10.8(15.8) Fighting
 + Level 3.8(8.8) Crossbows
 + Level 8.4(13.4) Armour
 + Level 9.5(14.5) Dodging
 - Level 1.0(6.0) Stealth
 + Level 16.9(21.9) Unarmed Combat
 - Level 9.6 Invocations


You had 10 spell levels left.
You didn't know any spells.
Your spell library was empty.

Dungeon Overview and Level Annotations

Branches:
Dungeon (1/1)

Altars:
Ashenzari
Cheibriados
Dithmenos
Elyvilon
Fedhas
Gozag
Hepliaklqana
Kikubaaqudgha
Makhleb
Nemelex Xobeh
Okawaru
Qazlal
Ru
Sif Muna
Trog
Uskayaw
Vehumet
Wu Jian
Xom
Yredelemnul
Zin
The Shining One
Beogh
Jiyva
Lugonu


Innate Abilities, Weirdness & Mutations

You are too large for most types of armour.
You have claws for hands.
Your natural rate of healing is unusually fast.
You are covered in fur. (AC +1)
You have tough skin. (AC +1)


Message History

The acid dragon roars!
The titan shouts!
The frost giant shouts!
The cherub's eagle head screeches!
The guardian serpent shouts!
The titan waves its arms in wide circles.
The air twists around and strikes you!! The ghost moth stares at you.
You feel your power leaking away.
The wolf spider hits you but does no damage.
The wolf spider bites you but does no damage.
Found seven items.
The wolf spider misses you. The wolf spider bites you!
You eviscerate the wolf spider!!!
The wolf spider is almost dead.
The titan waves its arms in wide circles.
The air twists around and strikes you!! The wolf spider barely misses you.
The wolf spider bites you but does no damage.
You completely miss the wolf spider.
The wolf spider is almost dead.
You eviscerate the wolf spider!!!
You kill the wolf spider!
Okawaru accepts your kill.
Unknown command.
The frost giant points at you and mumbles some strange words.
The bolt of cold hits you!!
You are too injured to fight recklessly!
You are too injured to fight recklessly!
You are too injured to fight recklessly!
Unknown command.
You claw the frost giant! x2
The frost giant is moderately wounded.
The frost giant hits you with a +0 battleaxe of freezing!!
* * * LOW HITPOINT WARNING * * *
The frost giant freezes you.
* * * LOW HITPOINT WARNING * * *
You eviscerate the frost giant!!!
The frost giant is severely wounded.
You mangle the frost giant!!
The frost giant is almost dead.
The titan casts a spell at you. The bolt of lightning hits you!!
You die...

##########..#....#..#
........''..........#
........''..........#
#+####..##..#....#..#
#..##..........+ #..##..........+
#..####''####++#
#..####''####++##########
#..##...@..##............
#########..##.#C##C##............
...........##.#N: .##..##########
...........## +A)#.##..#
''########## #:N+.##..#
''########## +[}#.##..#
.......##..# ##+#.##..#
#......##..# .##..# .......''..#
#..#


You could see a titan, a frost giant, a nagaraja and a cherub.

Vanquished Creatures
  A spriggan (D)
  A sea snake (D)
  A shadow wraith (D)
  A deep troll (D)
  2 wizards (D)
  A deep elf zephyrmancer (D)
  A wolf spider (D)
  A cyclops (D)
  A black mamba (D)
  Joseph (D)
  An elephant (D)
  2 smoke demons (D)
  A gargoyle (D)
  A polar bear (D)
  2 hornets (D)
  2 redbacks (D)
  A shadow (D)
  A wyvern (D)
  A chaos spawn (D)
  A steam dragon (D)
  4 vampire mosquitoes (D)
  An acid dragon (D)
  A wandering mushroom (D)
  A swamp drake (D)
  2 necrophages (D)
  An ogre (D)
  A wolf (D)
  A centaur (D)
  A scorpion (D)
  6 killer bees (D)
  A crimson imp (D)
  A quasit (D)
  A jelly (D)
  A gnoll shaman (D)
  3 orc priests (D)
  An iguana (D)
  An orc wizard (D)
  A hell rat (D)
  3 gnolls (D)
  An adder zombie (D)
  An adder skeleton (D)
  A worm (D)
  3 orcs (D)
  A bat (D)
  A giant cockroach (D)
  3 goblins (D)
  6 jackals (D)
  2 quokkas (D)
  A frilled lizard (D)
  2 kobolds (D)
78 creatures vanquished.

Notes
Turn   | Place    | Note
-------+----------+-------------------------------------------
     0 | D        | rocky1 the Troll Monk began the quest for the Orb.
     0 | D        | Reached XP level 1. HP: 22/22 MP: 0/0
    22 | D        | Found a bloodstained altar of Trog.
    22 | D        | Found a shimmering blue altar of Sif Muna.
    22 | D        | Found a viscous altar of Jiyva.
    22 | D        | Found a hazy altar of Hepliaklqana.
    22 | D        | Found an opulent altar of Gozag.
    23 | D        | Found a glowing golden altar of the Shining One.
    23 | D        | Found a glowing silver altar of Zin.
    23 | D        | Found a basalt altar of Yredelemnul.
    23 | D        | Found a shimmering altar of Xom.
    23 | D        | Found an ornate altar of the Wu Jian Council.
    23 | D        | Found a sacrificial altar of Ru.
    23 | D        | Found a stormy altar of Qazlal.
    23 | D        | Found an iron altar of Okawaru.
    23 | D        | Found a sparkling altar of Nemelex Xobeh.
    23 | D        | Found a burning altar of Makhleb.
    23 | D        | Found a blossoming altar of Fedhas.
    23 | D        | Found a white marble altar of Elyvilon.
    23 | D        | Found a shadowy altar of Dithmenos.
    23 | D        | Found a snail-covered altar of Cheibriados.
    25 | D        | Found a radiant altar of Vehumet.
    25 | D        | Found a corrupted altar of Lugonu.
    26 | D        | Found a hide-covered altar of Uskayaw.
    26 | D        | Found an ancient bone altar of Kikubaaqudgha.
    26 | D        | Found a broken altar of Ashenzari.
    31 | D        | Became a worshipper of Warmaster Okawaru
    31 | D        | Reached * piety under Okawaru
    31 | D        | Reached ** piety under Okawaru
    68 | D        | Noticed a scorpion
    70 | D        | Reached skill level 4 in Unarmed Combat
    77 | D        | Killed a scorpion
    78 | D        | Reached skill level 8 in Unarmed Combat
    78 | D        | Reached XP level 2. HP: 15/29 MP: 1/1
    78 | D        | Reached XP level 3. HP: 18/36 MP: 2/2
   121 | D        | Reached XP level 4. HP: 44/44 MP: 3/3
   126 | D        | Reached skill level 9 in Unarmed Combat
   277 | D        | Noticed a wolf
   296 | D        | Reached skill level 10 in Unarmed Combat
   296 | D        | Reached XP level 5. HP: 39/50 MP: 3/6
   301 | D        | Killed a wolf
   302 | D        | Reached skill level 11 in Unarmed Combat
   304 | D        | Reached skill level 5 in Invocations
   311 | D        | Reached *** piety under Okawaru
   312 | D        | Reached XP level 6. HP: 38/59 MP: 4/9
   364 | D        | Reached skill level 12 in Unarmed Combat
   534 | D        | Noticed a smoke demon
   534 | D        | Noticed a wyvern
   544 | D        | Killed a wyvern
   545 | D        | Reached XP level 7. HP: 71/71 MP: 8/11
   552 | D        | Killed a smoke demon
   552 | D        | Reached **** piety under Okawaru
   553 | D        | Reached skill level 5 in Fighting
   553 | D        | Reached skill level 13 in Unarmed Combat
   666 | D        | Noticed a deep troll
   677 | D        | Killed a deep troll
   678 | D        | Reached XP level 8. HP: 11/84 MP: 10/14
   680 | D        | Reached skill level 14 in Unarmed Combat
   878 | D        | Noticed a polar bear
   879 | D        | Noticed a cyclops
   885 | D        | Killed a polar bear
   886 | D        | Reached skill level 1 in Armour
   889 | D        | Killed a cyclops
   889 | D        | Reached ***** piety under Okawaru
   890 | D        | Reached skill level 5 in Dodging
   890 | D        | Reached XP level 9. HP: 91/93 MP: 7/15
   903 | D        | Noticed a wizard
   907 | D        | Killed a wizard
   974 | D        | Killed a shadow wraith
   975 | D        | Reached skill level 5 in Armour
   975 | D        | Reached skill level 15 in Unarmed Combat
  1010 | D        | Noticed a wandering mushroom
  1058 | D        | Paralysed by a hornet for 1 turns
  1066 | D        | Reached XP level 10. HP: 30/107 MP: 16/16
  1199 | D        | Noticed a gargoyle
  1199 | D        | Noticed a black mamba
  1205 | D        | Killed a black mamba
  1208 | D        | Reached ****** piety under Okawaru
  1218 | D        | Killed a gargoyle
  1218 | D        | Received a gift from Okawaru
  1225 | D        | Reached skill level 16 in Unarmed Combat
  1244 | D        | Noticed a sea snake
  1245 | D        | Noticed a smoke demon
  1257 | D        | Killed a sea snake
  1258 | D        | Reached skill level 1 in Crossbows
  1292 | D        | Killed a smoke demon
  1293 | D        | Reached skill level 10 in Fighting
  1323 | D        | Noticed a wizard
  1326 | D        | Killed a wizard
  1329 | D        | Noticed an elephant
  1338 | D        | Killed an elephant
  1339 | D        | Noticed a deep elf zephyrmancer
  1339 | D        | Noticed a spriggan rider
  1340 | D        | Received a gift from Okawaru
  1341 | D        | Noticed Joseph
  1353 | D        | Killed a spriggan rider
  1353 | D        | HP: 2/111 [deep elf zephyrmancer/bolt of lightning (21)]
  1354 | D        | Reached XP level 11. HP: 2/119 MP: 11/17
  1359 | D        | Killed Joseph
  1369 | D        | Killed a deep elf zephyrmancer
  1623 | D        | Noticed a wolf spider
  1623 | D        | Noticed a titan
  1623 | D        | Noticed a frost giant
  1623 | D        | Noticed a cherub
  1623 | D        | Noticed a nagaraja
  1623 | D        | Noticed a ghost moth
  1627 | D        | Killed a wolf spider
  1632 | D        | Killed from afar by a titan

Illustrated notes

Levels and vault maps discovered:
D:        pitsprint [storerooms_1, entrance_room_1, metal_vault_3, armoury_1,
          mini_pit_1, grid_room_1, main_hall_1, silver_pit, the_coven_3,
          the_vestibule_1, steel_vault_1, golden_pit, hallway_of_sentries,
          crystal_vault_1, iron_vault_1, final_vault]

Skill      XL: |  1  2  3  4  5  6  7  8  9 10 |
---------------+-------------------------------+-----
Unarmed Combat | 8 10 11 12 13 14 15 16 | 16.9
Invocations    | 3 5 7 9 |  9.6
Fighting       | 4 6 7 9 10 | 10.8
Dodging        | 3 5 7 9 |  9.5
Armour         | 2 5 8 |  8.4
Crossbows      | 3 |  3.8
Stealth        | |  1.0

Action                   |  1- 3 |  4- 6 |  7- 9 | 10-12 || total
-------------------------+-------+-------+-------+-------++-------
Melee: Unarmed           |    16 |    46 |    58 |    82 ||   202
       Punch             |     2 |     3 |     3 |     6 ||    14
Invok: Heroism           |       |     1 |     3 |     2 ||     6
       Finesse           |       |       |     2 |     3 ||     5
  Use: Potion            |       |     2 |     1 |     2 ||     5
 Stab: Sleeping          |     1 |       |       |       ||     1
Armor: Robe              |     4 |     3 |     3 |       ||    10
       Troll leather arm |       |       |    11 |    28 ||    39
Dodge: Dodged            |     6 |    23 |    34 |    52 ||   115

Table legend: (Time is in decaauts)
 A = Elapsed time spent in this place.
 B = Non-inter-level travel time spent in this place.
 C = Inter-level travel time spent in this place.
 D = Time resting spent in this place.
 E = Time spent auto-exploring this place.
 F = Levels seen in this place.
 G = Mean time per level.
                   A        B        C        D        E       F      G
               +--------+--------+--------+--------+--------+-----+--------+
         Total |   1587 |   1538 |     49 |    738 |      0 |   1 | 1587.0 |
       Dungeon |   1587 |   1538 |     49 |    738 |      0 |   1 | 1587.0 |
               +--------+--------+--------+--------+--------+-----+--------+

Top non-repeatable levels by time:
       D: 1587 daAuts
